 Dungeon Crawl Stone Soup version 0.30.0-5-g1a98f26d00 (webtiles) character file.

Game seed: 7842804798839592828

30545 SnakkuSnakku7 the Brawler (level 13, -3/72 HPs)
             Began as a Vine Stalker Fire Elementalist on May 13, 2023.
             Slain by a wolf (8 damage)
             ... on level 4 of the Lair of Beasts.
             The game lasted 00:19:54 (11524 turns).

SnakkuSnakku7 the Brawler (VSFE)                   Turns: 11524, Time: 00:19:54

Health: -3/72      AC: 20    Str: 16    XL:     13   Next: 52%
Magic:  0/17       EV:  9    Int: 15    God:
Gold:   265        SH: 11    Dex: 15    Spells: 15/16 levels left

rFire   . .          .
                       - Unarmed
rCold   . . .        D - +0 kite shield
rNeg    . . .        z - +4 scale mail "Xopaecw" {rCorr}
rPois   +            y - +2 hat
rElec   .            w - +0 cloak
rCorr   +            o - +0 pair of gloves
SInv    .            (no boots)
Will    +....        (no amulet)
Stlth   +            M - ring of poison resistance
HPRegen 1.12/turn    E - +4 ring of protection
MPRegen 0.15/turn

%: guardian spirit
@: no status effects
A: fangs 3, regeneration 1, magic shield, antimagic bite, no potion heal 2
a: no special abilities


You were on level 4 of the Lair of Beasts.
You visited 2 branches of the dungeon, and saw 13 of its levels.
You also visited: Sewer.

You collected 697 gold pieces.
You spent 432 gold pieces at shops.

Inventory:

Armour
 o - a +0 pair of gloves (worn)
 w - a +0 cloak (worn)
 y - a +2 hat (worn)
 z - the +4 scale mail "Xopaecw" (worn) {rCorr}
   (You found it on level 6 of the Dungeon)

   rCorr:     It protects you from acid and corrosion.
 D - a +0 kite shield (worn)
 O - a +0 helmet
Jewellery
 A - a +6 ring of dexterity
 E - a +4 ring of protection (right hand)
 M - a ring of poison resistance (left hand)
 P - a ring of protection from cold
Wands
 m - a wand of iceblast (11)
 n - a wand of flame (26)
 x - a wand of polymorph (2)
 K - a wand of paralysis (5)
 L - a wand of mindburst (10)
Scrolls
 a - 5 scrolls of vulnerability {unknown}
 c - 10 scrolls of identify {unknown}
 h - 4 scrolls of teleportation {unknown}
 p - 3 scrolls of poison {unknown}
 q - 3 scrolls of enchant armour {unknown}
 r - 2 scrolls of acquirement {unknown}
 v - a scroll of amnesia {unknown}
 B - 3 scrolls of fear {unknown}
 F - a scroll of noise {unknown}
 G - a scroll of fog {unknown}
 I - a scroll of blinking {unknown}
 N - a scroll of immolation {unknown}
Potions
 b - 2 potions of magic
 d - a potion of ambrosia {unknown}
 e - 7 potions of lignification {unknown}
 f - 3 potions of haste
 g - 3 potions of degeneration {unknown}
 i - 3 potions of heal wounds
 j - 5 potions of curing {unknown}
 k - 4 potions of berserk rage {unknown}
 l - 3 potions of brilliance {unknown}
 s - a potion of cancellation {unknown}
 t - a potion of mutation {unknown}
 u - 4 potions of might
 C - a potion of flight {unknown}
 J - a potion of attraction {unknown}
Miscellaneous
 H - a phantom mirror


   Skills:
 - Level 10.0 Fighting
 - Level 6.0 Armour
 + Level 2.8 Dodging
 - Level 2.4 Stealth
 - Level 10.0 Shields
 - Level 15.0 Unarmed Combat
 - Level 2.1 Spellcasting
 - Level 1.0 Conjurations
 - Level 3.0 Fire Magic


You had 15 spell levels left.
You knew the following spells:

 Your Spells              Type           Power      Damage    Failure   Level
a - Foxfire               Conj/Fire      28%        2x1d5     56%         1

Your spell library contained the following spells:

 Spells                   Type           Power      Damage    Failure   Level
 Scorch                   Fire           20%        2d6       56%         2
 Sandblast                Erth           2%         2d4       83%         1
 Static Discharge         Conj/Air       6%         2-3/arc   88%         2
 Blink                    Tloc           2%         N/A       93%         2
 Passwall                 Tmut/Erth      0%         N/A       93%         2
 Poisonous Vapours        Pois/Air       2%         N/A       93%         2
 Sublimation of Blood     Necr           1%         N/A       93%         2
 Inner Flame              Hex/Fire       6%         N/A       94%         3
 Volatile Blastmotes      Fire/Tloc      12%        2d11      94%         3
 Stone Arrow              Conj/Erth      6%         3d7       98%         3
 Mephitic Cloud           Conj/Pois/Air  2%         N/A       99%         3
 Airstrike                Air            0%         2d(1-17)  100%        4
 Flame Wave               Conj/Fire      7%         2d5       100%        4
 Manifold Assault         Tloc           1%         N/A       100%        4
 Summon Lightning Spire   Summ/Air       1%         N/A       100%        4
 Freezing Cloud           Conj/Ice/Air   1%         6-21      100%        5
 Simulacrum               Ice/Necr       0%         N/A       100%        6
 Haunt                    Necr/Summ      0%         N/A       100%        7
 Ozocubu's Refrigeration  Ice            0%         4d7       100%        7
 Storm Form               Tmut/Air       0%         N/A       100%        7
 Infestation              Necr           0%         N/A       100%        8
 Polar Vortex             Ice            0%         N/A       100%        9


Dungeon Overview and Level Annotations

Branches:
Dungeon (9/15)             Temple (0/1) D:7            Lair (4/5) D:8
  Swamp (0/4) Lair:3       Spider (0/4) Lair:3          Orc (0/2) D:9
  Sewer (visited)
  Slime: Lair:4-5

Altars:
Ashenzari
Okawaru
Qazlal
Wu Jian

Shops:
D:5 [==[*((   D:6 *   D:8 ?

Annotations:
Lair:4 1 runed translucent door


Innate Abilities, Weirdness & Mutations

You have razor-sharp teeth.
Your natural rate of healing is unusually fast.
When hurt, damage is shared between your health and your magic reserves.
Your bite disrupts and absorbs the magic of your enemies.
Potions cannot restore your health.


Message History

The six-headed hydra completely misses you.
You block the six-headed hydra's attack.
The six-headed hydra barely misses you.
The six-headed hydra bites you but does no damage.
You punch the six-headed hydra! Your bite misses the six-headed hydra.
The six-headed hydra is severely wounded.
The six-headed hydra bites you but does no damage.
The six-headed hydra bites you!
* * * LOW HITPOINT WARNING * * *
You block the six-headed hydra's attack.
The six-headed hydra bites you.
* * * LOW HITPOINT WARNING * * *
The six-headed hydra barely misses you. The six-headed hydra bites you!
* * * LOW HITPOINT WARNING * * *
You hit the six-headed hydra. You bite the six-headed hydra!
You drain its power.
You feel invigorated.
The six-headed hydra is almost dead.
Unknown command.
Unknown command.
You barely miss the six-headed hydra.
The six-headed hydra is almost dead.
You block the six-headed hydra's attack. x2
The six-headed hydra barely misses you. The six-headed hydra bites you!
* * * LOW HITPOINT WARNING * * *
The six-headed hydra bites you!
* * * LOW HITPOINT WARNING * * *
The six-headed hydra bites you!
* * * LOW HITPOINT WARNING * * *
Unknown command.
You punch the six-headed hydra!
You kill the six-headed hydra!
Unknown command.
You hit the wolf. You bite the wolf!
You kill the wolf!
You block the wolf's attack.
You pummel the wolf!!
You kill the wolf!
You block the wolf's attack.
You barely miss the wolf. The wolf bites you!
You die...

....##...........#
#...
#...........##
##..
###..........# #..
##........#.#
##.......###
##....### ##...##
#.#.$h## #.#..#@#
##hhh###
#..........#
#..h........#
#...........##
.............#
......[........
#..........####
...<.......#


You could see a wolf.

Vanquished Creatures
  Gastronok (Lair:3)
  Erica (Lair:1)
  2 hydras (Lair:4)
  A two-headed ogre (D:9)
  A boulder beetle (Lair:2)
  2 death yaks (Lair:2)
  19 elephants
  2 black mambas (Lair:1)
  Joseph (D:8)
  5 cane toads
  4 komodo dragons
  A troll (D:9)
  3 tyrant leeches (Lair:3)
  A polar bear (Lair:3)
  7 blink frogs
  Prince Ribbit (D:5)
  A hornet (D:6)
  Sigmund (D:3)
  5 wyverns
  33 yaks
  2 basilisks (Lair:1)
  2 redbacks (Lair:3)
  2 steam dragons
  A warg (D:9)
  Menkaure (D:7)
  A swamp worm (Lair:3)
  3 water moccasins
  Duvessa (D:4)
  Pargi (D:3)
  4 orc warriors
  2 black bears (D:7)
  An ice beast (D:7)
  A sky beast (D:6)
  19 wolves
  2 centaurs
  2 ogres
  3 phantoms
  A kobold brigand (D:8)
  Blork the orc (D:4)
  A scorpion (D:7)
  12 bullfrogs
  2 gnoll sergeants (D:9)
  3 wights (D:7)
  Dowan (D:4)
  13 killer bees
  2 gnoll boudas (D:5)
  3 hounds
  A jelly (D:6)
  5 orc priests
  Crazy Yiuf (D:3)
  Ijyb (D:5)
  A sleepcap (D:6)
  2 iguanas
  7 orc wizards
  16 gnolls
  8 river rats
  10 adders
  A white imp (D:6)
  3 worms
  3 dart slugs
  28 orcs
  6 endoplasms
  3 giant cockroaches
  4 goblins
  8 hobgoblins
  4 quokkas
  16 ball pythons
  7 bats
  4 frilled lizards
  10 kobolds
  16 rats
344 creatures vanquished.

Vanquished Creatures (others)
  23 foxfires
23 creatures vanquished.

Grand Total: 367 creatures vanquished

Notes
Turn   | Place    | Note
-------+----------+-------------------------------------------
     0 | D:1      | SnakkuSnakku7 the Vine Stalker Fire Elementalist began the
                  | quest for the Orb.
     0 | D:1      | Reached XP level 1. HP: 9/9 MP: 4/4
    77 | D:1      | Reached skill level 1 in Unarmed Combat
    77 | D:1      | Reached XP level 2. HP: 3/14 MP: 0/6
   151 | D:1      | Reached skill level 1 in Fighting
   438 | D:1      | Reached XP level 3. HP: 18/18 MP: 7/7
   568 | D:1      | You fall into a shaft and drop 1 floor!
   755 | D:1      | Reached skill level 2 in Unarmed Combat
  1010 | D:2      | Gained mutation: Your natural rate of healing is unusually
                  | fast. [Vine Stalker growth]
  1010 | D:2      | Reached XP level 4. HP: 23/23 MP: 8/8
  1365 | D:3      | Noticed Sigmund
  1368 | D:3      | Killed Sigmund
  1369 | D:3      | Reached skill level 3 in Unarmed Combat
  1369 | D:3      | Reached XP level 5. HP: 28/28 MP: 9/9
  1369 | D:3      | Reached XP level 6. HP: 32/32 MP: 10/10
  1589 | D:3      | Found a runed translucent door.
  1590 | D:3      | Noticed Crazy Yiuf
  1724 | D:3      | Found a faded altar of an unknown god.
  1839 | D:3      | Reached skill level 4 in Unarmed Combat
  2134 | D:4      | Noticed Blork the orc
  2136 | D:4      | Noticed Pargi
  2387 | D:3      | Killed Pargi
  2388 | D:3      | Reached XP level 7. HP: 16/38 MP: 8/11
  2429 | D:4      | Killed Blork the orc
  2430 | D:4      | Reached skill level 5 in Unarmed Combat
  2563 | D:4      | Noticed Duvessa
  2563 | D:4      | Noticed Dowan
  2598 | D:4      | Killed Duvessa
  2599 | D:4      | Reached skill level 5 in Fighting
  2610 | D:4      | Killed Dowan
  2871 | D:3      | Killed Crazy Yiuf
  2936 | D:5      | Entered Level 5 of the Dungeon
  2957 | D:5      | Found Nopt's Assorted Antiques.
  2958 | D:5      | Found Difuit's Jewellery Shop.
  2961 | D:5      | Noticed Ijyb
  2966 | D:5      | Found Fomesch's Antique Weapon Shop.
  2966 | D:5      | Found Ufaseusu's Jewellery Boutique.
  3081 | D:5      | Killed Ijyb
  3082 | D:5      | Reached skill level 6 in Unarmed Combat
  3107 | D:5      | Found Tamp's Antique Armour Shop.
  3107 | D:5      | Found Xacked's Weapon Boutique.
  3253 | D:5      | Gained mutation: You have razor-sharp teeth. [Vine Stalker
                  | growth]
  3253 | D:5      | Reached XP level 8. HP: 35/43 MP: 9/12
  3427 | D:5      | Noticed Prince Ribbit
  3454 | D:5      | Killed Prince Ribbit
  3455 | D:5      | Reached skill level 7 in Unarmed Combat
  3487 | D:5      | Got the Tome of Bodies
  3579 | D:5      | Reached skill level 8 in Unarmed Combat
  3810 | D:5      | Found Zykk's Armour Shoppe.
  3860 | D:5      | Reached skill level 9 in Unarmed Combat
  4211 | D:6      | Reached XP level 9. HP: 47/47 MP: 13/13
  4214 | D:6      | Found Potwymme's General Store.
  4307 | D:6      | Noticed a hornet
  4315 | D:6      | Killed a hornet
  4316 | D:6      | Reached skill level 10 in Unarmed Combat
  4382 | D:6      | Identified the +4 scale mail "Xopaecw" {rCorr}
  4789 | D:6      | Found a glowing drain.
  4810 | Sewer    | Entered a sewer
  5420 | D:7      | Reached skill level 11 in Unarmed Combat
  5449 | D:7      | Noticed Menkaure
  5459 | D:7      | Killed Menkaure
  5925 | D:7      | Reached skill level 12 in Unarmed Combat
  5982 | D:7      | Found a staircase to the Ecumenical Temple.
  6144 | D:7      | Reached XP level 10. HP: 46/50 MP: 12/14
  6252 | D:7      | Reached skill level 1 in Shields
  6260 | D:7      | Found an iron altar of Okawaru.
  6426 | D:8      | Found Gaut's Magic Scroll Emporium.
  6816 | D:8      | Noticed Joseph
  6847 | D:8      | Killed Joseph
  6890 | D:8      | Found a staircase to the Lair.
  6906 | D:8      | Reached skill level 5 in Shields
  6957 | D:8      | Found a broken altar of Ashenzari.
  7113 | D:5      | Bought a +4 ring of protection for 432 gold pieces
  7296 | D:8      | Identified the +7 whip of Satrer {elec, Str+9 Int-2}
  7324 | D:8      | Found a stormy altar of Qazlal.
  7448 | D:9      | Noticed a two-headed ogre
  7457 | D:9      | Killed a two-headed ogre
  7465 | D:9      | Found a staircase to the Orcish Mines.
  7621 | D:9      | Reached XP level 11. HP: 46/55 MP: 15/15
  7798 | D:9      | Found an ornate altar of the Wu Jian Council.
  7894 | D:9      | Noticed a manticore
  7894 | D:9      | Noticed a manticore
  7894 | D:9      | Noticed a wizard
  7894 | D:9      | Noticed a wizard
  7894 | D:9      | Noticed a seven-headed hydra
  7894 | D:9      | Noticed a centaur warrior
  7894 | D:9      | Noticed a two-headed ogre
  7948 | Lair:1   | Entered Level 1 of the Lair of Beasts
  8043 | Lair:1   | Reached skill level 10 in Shields
  8045 | Lair:1   | Reached skill level 1 in Armour
  8087 | Lair:1   | You fall into a shaft and drop 1 floor!
  8087 | Lair:2   | Noticed a boulder beetle
  8144 | Lair:2   | Killed a boulder beetle
  8362 | Lair:2   | Noticed a death yak
  8362 | Lair:2   | Noticed a death yak
  8412 | Lair:2   | Killed a death yak
  8425 | Lair:2   | Killed a death yak
  8426 | Lair:2   | Reached skill level 5 in Armour
  8651 | Lair:1   | Noticed Erica
  8680 | Lair:1   | Killed Erica
  8681 | Lair:1   | Reached XP level 12. HP: 5/60 MP: 4/16
 10058 | Lair:3   | Found a hole to the Spider Nest.
 10229 | Lair:3   | Noticed Gastronok
 10252 | Lair:3   | Killed Gastronok
 10253 | Lair:3   | Reached skill level 10 in Fighting
 10344 | Lair:3   | Reached skill level 13 in Unarmed Combat
 10421 | Lair:3   | Reached XP level 13. HP: 51/72 MP: 15/17
 10491 | Lair:3   | Identified the +3 scale mail of the Old and Reckless {rF+
                  | rC- Str+3 Dex+2}
 10547 | Lair:3   | Found a staircase to the Swamp.
 10686 | Lair:3   | Reached skill level 14 in Unarmed Combat
 11445 | Lair:4   | Reached skill level 15 in Unarmed Combat
 11486 | Lair:4   | Found a runed translucent door.
 11520 | Lair:4   | HP: 3/72 [six-headed hydra (3)]
 11520 | Lair:4   | HP: 1/72 [six-headed hydra (2)]
 11524 | Lair:4   | Slain by a wolf

Illustrated notes

Levels and vault maps discovered:
D:1:      psy_arrival_conway, layout_loops_ring
D:2:      layout_rooms, hangedman_decor_points
D:3:      layout_loops_ring, hellmonk_ecumenical_altar_leap_of_faith,
          grunt_ministairs_5, minmay_strange_pillars, uniq_sigmund,
          uniq_crazy_yiuf_cottage
D:4:      layout_basic, uniq_pargi, uniq_duvessa, uniq_blork_the_orc
D:5:      layout_loops_corners, serial_shops, nicolae_shop_trees,
          nicolae_shop_national_dungeon_mall, hangedman_decor_clover_reticule,
          minmay_fractal_squares_gapless_5, uniq_ijyb, uniq_prince_ribbit1
D:6:      layout_loops_cross, serial_shops, shop, portal_sewer_entry_b
D:7:      layout_loops_corners, kennysheep_little_box, temple_doors_cd,
          uniq_menkaure
D:8:      layout_loops_ring, old_standard_altar,
          nicolae_qazlal_eye_of_the_storm, david_lair_shrubbed, serial_shops,
          shop, uniq_joseph
D:9:      layout_stronghold, pdpol_wu_jian_five_deadly_venoms, david_orc_3,
          minmay_the_grid_2x2 [minmay_the_grid_slots, minmay_the_grid_box_x,
          minmay_the_grid_small_cups, minmay_the_grid_prize_big_room]
Lair:1:   layout_loops_ring, serial_rivers, chequers_serial_rivers_room_b,
          chequers_serial_rivers_room_b, chequers_serial_rivers_room_b,
          chequers_serial_rivers_large_a, chequers_serial_rivers_micro_e,
          uniq_erica
Lair:2:   layout_long_grid, lemuel_fruit_tree, grunt_megastairs_1
Lair:3:   layout_loops_ring, minmay_swamp_entry_worms, spider_nest_entry_webs,
          dreamdust_mushroom_princess, uniq_gastronok
Lair:4:   layout_cave_pods, pf_torpor_hydra, serial_bayou_shore_a

Skill      XL: |  1  2  3  4  5  6  7  8  9 10 11 12 13 |
---------------+----------------------------------------+-----
Unarmed Combat | 1 2 3 4 6 9 12 13 15 | 15.0
Fighting       | 1 2 3 4 5 10 | 10.0
Shields        | 8 10 | 10.0
Armour         | 6 |  6.0
Dodging        | 2 |  2.8
Stealth        | |  2.4
Spellcasting   | |  2.1
Conjurations   | |  1.0
Fire Magic     | |  3.0

Action                     |  1- 3 |  4- 6 |  7- 9 | 10-12 | 13-15 || total
---------------------------+-------+-------+-------+-------+-------++-------
  Melee: Unarmed           |   118 |   139 |   502 |   739 |   249 ||  1747
         Bite              |    22 |    36 |   138 |   314 |   109 ||   619
         Punch             |       |     2 |    32 |    15 |       ||    49
   Cast: Foxfire           |    13 |       |       |       |       ||    13
  Evoke: Wand              |       |     5 |     6 |    10 |       ||    21
         Phantom mirror    |       |       |       |     1 |       ||     1
   Stab: Sleeping          |     1 |     1 |     2 |       |       ||     4
         Distracted        |       |       |       |     1 |       ||     1
 Armour: Robe              |     7 |       |       |       |       ||     7
         Ring mail         |    47 |    67 |       |       |       ||   114
         Troll leather arm |       |       |    57 |       |       ||    57
         Scale mail        |       |       |    79 |   312 |   158 ||   549
  Dodge: Dodged            |    78 |    88 |   231 |   237 |   101 ||   735
  Block: Kite shield       |       |       |       |   335 |   154 ||   489
